 Dungeon Crawl Stone Soup version 0.20.0-10-g0535bb4 (webtiles) character file.

84 skittles the Firebug (level 4, -5/33 HPs)
             Began as a Draconian Fire Elementalist on June 6, 2017.
             Slain by a wyvern zombie (11 damage)
             ... on level 3 of the Dungeon.
             The game lasted 00:04:51 (2170 turns).

skittles the Firebug (Draconian Fire Elementalist)  Turns: 2170, Time: 00:04:52

Health: -5/33      AC:  6    Str: 11    XL:     4   Next: 24%
Magic:  7/7        EV: 12    Int: 16    God:
Gold:   126        SH:  0    Dex: 11    Spells: 3/7 levels left

rFire    . . .     SeeInvis .   q - +0 whip (curse)
rCold    . . .     Gourm    +   (no shield)
rNeg     . . .     Faith    .   (armour unavailable)
rPois    .         Spirit   .   (helmet restricted)
rElec    .         Reflect  .   (no cloak)
rCorr    .         Harm     .   u - +0 pair of gloves
MR       .....                  (no boots)
Stlth    ++........             s - amulet of the gourmand
Regen    0.2/turn               (no ring)
MPRegen  0.1/turn               (no ring)

@: no status effects
A: unfitting armour, cold-blooded, AC +5
a: no special abilities


You were on level 3 of the Dungeon.
You were not hungry.

You visited 1 branch of the dungeon, and saw 3 of its levels.

You collected 126 gold pieces.

Inventory:

Hand Weapons
 d - a +0 club
 q - a cursed +0 whip (weapon)
Armour
 u - a +0 pair of gloves (worn)
Jewellery
 s - an amulet of the gourmand (around neck)
Scrolls
 e - 2 scrolls of magic mapping {unknown}
 i - 5 scrolls of teleportation {unknown}
 j - 2 scrolls of recharging {unknown}
 k - a scroll of random uselessness {unknown}
 n - 2 scrolls of remove curse {unknown}
 p - 3 scrolls of identify {unknown}
 r - a scroll of blinking {unknown}
Potions
 f - 3 potions of curing {unknown}
 h - a potion of mutation {unknown}
 l - 2 potions of brilliance {unknown}
 m - a potion of heal wounds {unknown}
 o - a potion of berserk rage {unknown}
 t - a potion of degeneration {unknown}
Books
 a - a book of Flames

   Spells                             Type                      Level
   a - Flame Tongue                   Conjuration/Fire             1
   b - Throw Flame                    Conjuration/Fire             2
   c - Conjure Flame                  Conjuration/Fire             3
   d - Inner Flame                    Hexes/Fire                   3
   e - Sticky Flame                   Conjuration/Fire             4
   f - Fireball                       Conjuration/Fire             5
Comestibles
 b - 3 bread rations
 c - a royal jelly
 g - 2 meat rations
 v - 2 fruits


   Skills:
 - Level 1.7 Dodging
 - Level 1.7 Stealth
 - Level 2.0 Spellcasting
 + Level 3.0 Conjurations
 + Level 4.1 Fire Magic


You had 3 spell levels left.
You knew the following spells:

 Your Spells              Type           Power        Failure   Level  Hunger
a - Flame Tongue          Conj/Fire      ##...        4%          1    #......
b - Conjure Flame         Conj/Fire      ##......     14%         3    ###....


Dungeon Overview and Level Annotations

Branches:
Dungeon (3/15)

Altars:
Cheibriados
Dithmenos
Fedhas
Hepliaklqana

Annotations:
D:3 skittles's ghost, amateur DrFE


Innate Abilities, Weirdness & Mutations

Your plain brown scales are hard. (AC +5)
You cannot fit into any form of body armour.
You are cold-blooded and may be slowed by cold attacks.


Message History

The wyvern zombie misses you. The wyvern zombie closely misses you.
The wyvern zombie bites you.
A hobgoblin comes into view.
The wyvern zombie bites you but does no damage.
Found a hunting sling.
You closely miss the hobgoblin. The wyvern zombie barely misses you.
The hobgoblin hits you. The wyvern zombie closely misses you.
You hit the hobgoblin.
The hobgoblin is severely wounded.
The hobgoblin completely misses you. The wyvern zombie bites you!
You barely miss the hobgoblin.
The hobgoblin is severely wounded.
The wyvern zombie bites you!
* * * LOW HITPOINT WARNING * * *
The hobgoblin closely misses you.
You barely miss the hobgoblin.
The hobgoblin is heavily wounded.
The wyvern zombie bites you!
You die...

#!...........#...
......#†...........
....# #.........#(.
.## #.#'#####.#..
#.#o# #.#..
.######.#.# #.#..
.......o..# #.#..
########.### #.#..
#WZ@g..#.# #.##.
#o####)#o# #..'.
#.# #W# ####. #W#
#.# #. #o######o#
#. #...Wo...# ##
##########


You could see skittles's ghost, an orc, a wyvern zombie and a hobgoblin.

Vanquished Creatures
  An adder (D:2)
  An ooze (D:1)
  2 dart slugs (D:3)
  2 ball pythons (D:1)
  3 giant cockroaches
  12 goblins
  6 hobgoblins
  8 jackals
  8 kobolds
  4 quokkas
  3 bats
  4 frilled lizards
  6 rats
60 creatures vanquished.

Notes
Turn   | Place    | Note
-------+----------+-------------------------------------------
     0 | D:1      | skittles the Draconian Fire Elementalist began the quest for the Orb.
     0 | D:1      | Reached XP level 1. HP: 14/14 MP: 3/3
   168 | D:1      | Reached XP level 2. HP: 20/20 MP: 5/5
   629 | D:1      | Reached XP level 3. HP: 24/26 MP: 6/6
  1233 | D:2      | Found a faded altar of an unknown god.
  1650 | D:2      | Reached skill level 4 in Fire Magic
  1654 | D:2      | Found a shadowy altar of Dithmenos.
  1660 | D:2      | Found a hazy altar of Hepliaklqana.
  1668 | D:2      | Found a blossoming altar of Fedhas.
  1727 | D:2      | Reached XP level 4. HP: 33/33 MP: 7/7
  1733 | D:2      | Learned a level 3 spell: Conjure Flame
  1983 | D:3      | Found a snail-covered altar of Cheibriados.
  2139 | D:3      | Noticed skittles's ghost (amateur DrFE)
  2170 | D:3      | Slain by a wyvern zombie

Skill      XL: |  1  2  3  4 |
---------------+-------------+-----
Conjurations   | 2 3 |  3.0
Fire Magic     | 4 |  4.1
Dodging        | |  1.7
Stealth        | |  1.7
Spellcasting   | |  2.0

Action                   |  1- 3 |  4- 6 || total
-------------------------+-------+-------++-------
Melee: Club              |   125 |       ||   125
       Tailslap          |    14 |       ||    14
       Unarmed           |     2 |       ||     2
       Whip              |    13 |    36 ||    49
 Cast: Flame Tongue      |    32 |     4 ||    36
 Stab: Distracted        |     1 |     1 ||     2
       Sleeping          |     1 |       ||     1
  Eat: Chunk             |     3 |     3 ||     6
Armor: Skin              |    70 |    15 ||    85
Dodge: Dodged            |   134 |    27 ||   161
